Map: Orbital Shipyard

Players

LilDicky

  • Race: Terran Terran
  • League: Diamond

Form - Winner!

  • Race: Zerg Zerg
  • League: Diamond

VOD

http://www.twitch.tv/tumescentpie

Description

Time

  • Played on: Dec. 7, 2015, 3:21 p.m.
  • Length: 6:14
Show
View Real Time Build Order
Export as new Build Order

LilDicky Terran 

Build Orders:  

Get SALT Encoding   

  12  0:01  SCV  
  13  0:13  SCV  
  14  0:22  Supply Depot  
  14  0:25  SCV  
  14  0:28  Refinery  
  15  0:43  SCV  
  15  0:47  Barracks  
  16  0:55  SCV  
  17  1:07  SCV  
  18  1:20  SCV  
  20  1:35  Supply Depot, Marine  
  20  1:39  Refinery  
  21  1:40  Orbital Command  
  21  1:45  Factory  
  20  1:53  Marine  
  21  2:05  SCV  
  22  2:13  Marine  
  23  2:18  SCV  
  24  2:31  Armory  
  24  2:32  Starport  
  24  2:33  Factory Tech Lab  
  25  2:38  SCV  
  25  2:41  Supply Depot  
  25  2:43  Barracks Reactor  
  25  2:50  SCV  
  26  2:59  Supply Depot  
  26  3:18  Thor  
  32  3:21  SCV  
  32  3:23  Marine  
  32  3:24  Marine  
  35  3:31  Supply Depot  
  35  3:37  Medivac  
  35  3:39  SCV  
  38  3:41  Marine x2  
  40  3:51  SCV  
  41  3:59  Marine  
  42  4:03  SCV  
  42  4:04  Liberator  
  43  4:19  SCV  
  47  4:31  SCV, Supply Depot  
  47  4:32  Command Center  
  47  4:34  Refinery  
  47  4:36  Refinery  
  13  5:43  Starport Tech Lab  
Show
View Real Time Build Order
Export as new Build Order

Form Zerg - Winner!

Build Orders: Hatch First, Ravager All-In 

Get SALT Encoding   

  12  0:01  Drone  
  13  0:11  Drone  
  14  0:18  Overlord  
  14  0:27  Drone, Extractor x2  
  13  0:29  Drone  
  16  0:38  Drone  
  17  0:49  Drone  
  18  1:00  Hatchery  
  17  1:04  Drone  
  17  1:08  Extractor  
  17  1:16  Spawning Pool  
  16  1:18  Drone  
  16  1:25  Overlord  
  17  1:36  Drone  
  18  1:40  Drone  
  19  2:09  Zergling x2  
  19  2:10  Zergling x2, Extractor  
  19  2:12  Queen  
  19  2:13  Metabolic Boost  
  19  2:15  Zergling x2  
  23  2:16  Drone  
  23  2:22  Drone  
  25  2:27  Drone  
  26  2:46  Drone  
  26  2:47  Drone x3, Roach Warren  
  29  2:51  Queen  
  29  2:58  Overlord  
  31  3:08  Overlord  
  31  3:23  Overlord  
  31  3:34  Roach x5  
  35  3:37  Roach  
  43  3:43  Roach  
  45  3:55  Ravager x2  
  47  3:56  Ravager  
  47  3:57  Ravager  
  47  4:01  Zergling x2  
  47  4:02  Zergling x8  
  53  4:13  Spore Crawler  
  53  4:16  Spore Crawler  
  51  4:19  Ravager  
  51  4:23  Roach x2  
  56  4:33  Queen  
  51  4:56  Queen  
  51  4:57  Zergling x2  
  51  4:58  Zergling x2  
  53  5:09  Queen  
  55  5:17  Zergling x8  
  39  6:01  Drone x7  
Tags
 
Add a new tag
Caveats
  • Supply blocks, unpowered buildings, or Contaminate may cause inaccurate times.
  • Supply counts are checked every 10 seconds.